 Dungeon Sprint DCSS version 0.20-a0-40-gb6e7b4f (webtiles) character file.

1701 esc the Thaumaturge (level 8, -1/53 HPs)
             Began as a Deep Elf Fire Elementalist on Nov 11, 2016.
             Was a Follower of Vehumet.
             Shot with an arrow by a centaur warrior (15 damage)
             ... in the Dungeon (Sprint I: "Red Sonja").
             The game lasted 00:03:37 (1173 turns).

esc the Thaumaturge (Deep Elf Fire Elementalist)    Turns: 1173, Time: 00:03:37

Health: -1/53      AC:  4    Str:  5    XL:     8   Next: 73%
Magic:  17/25      EV: 19    Int: 23    God:    Vehumet [*.....]
Gold:   619        SH:  0    Dex: 15    Spells: 3 memorised, 20 levels left

rFire  . . .     SeeInvis .     m - +3 short sword (venom)
rCold  . . .     Gourm    .     a - +0 robe
rNeg   . . .     Faith    .     (no shield)
rPois  .         Spirit   .     n - +1 helmet
rElec  .         Reflect  .     (no cloak)
rCorr  .         Harm     .     (no gloves)
MR     .....     NoTele   +     (no boots)
Stlth  ++........               (no amulet)
                                (no ring)
                                (no ring)

@: no status effects
A: no striking features
a: Renounce Religion


You were in the Dungeon.
You worshipped Vehumet.
Vehumet was aware of your devotion.
You were not hungry.

You visited 1 branch You collected 734 gold pieces.
You spent 115 gold pieces at shops.

Inventory:

Hand Weapons
 l - a +0 blowgun
   (You took it off Sonja in the Dungeon)
 m - a +3 short sword of venom (weapon)
   (You took it off Sonja in the Dungeon)
Missiles
 h - 6 curare-tipped needles
Armour
 a - a +0 robe (worn)
 n - a +1 helmet (worn)
   (You bought it in a shop in the Dungeon)
Scrolls
 i - 2 scrolls of blinking {!r}
 k - a scroll of remove curse {unknown}
Potions
 d - 4 potions of curing
 e - a potion of heal wounds
 f - a potion of haste
 g - 2 potions of magic
 o - a potion of lignification {unknown}
Books
 b - a book of Flames
Comestibles
 c - a bread ration {@e1}
 j - a beef jerky


   Skills:
 + Level 7.3 Fighting
 + Level 10.7 Dodging
 - Level 2.4 Stealth
 + Level 11.7 Spellcasting
 + Level 9.6 Conjurations
 + Level 10.2 Fire Magic


You had 20 spell levels left.
You knew the following spells:

 Your Spells              Type           Power        Failure   Level  Hunger
a - Flame Tongue          Conj/Fire      #####        1%          1    None
f - Fireball              Conj/Fire      ######....   2%          5    ####...
s - Sticky Flame          Conj/Fire      ######..     1%          4    None


Dungeon Overview and Level Annotations

Branches:
Dungeon (1/1)

Altars:
Cheibriados
Dithmenos
Elyvilon
Fedhas
Gozag
Hepliaklqana
Kikubaaqudgha
Makhleb
Nemelex Xobeh
Okawaru
Qazlal
Ru
Sif Muna
Trog
Uskayaw
Vehumet
Xom
Yredelemnul
Zin
The Shining One
Jiyva
Lugonu

Shops:
D ![


Message History

d - 2 potions of curing (gained 1)
There is an entrance to Godwic's Armour Emporium here.
n - a +1 helmet Thank you for shopping at Godwic's Armour Emporium!
Wear which item? (? for menu, Esc to quit)
You start putting on your armour.
You continue putting on your +1 helmet. x4
You finish putting on your +1 helmet.
You see here a rapier.
There is an open door here.
You start resting.
Health restored: 53
There is an open door, spattered with blood here.
You see here a +0 scythe.
You open the door. 2 ballistomycete spores come into view.
You see here a +0 scythe.
Aim: a ballistomycete spore (resting)
The flame tongue hits the ballistomycete spore.
The ballistomycete spore explodes!
The explosion of spores engulfs the ballistomycete spore.
The ballistomycete spore explodes!
A fungus suddenly grows.
You now have 24/25 mp.
There is an open door here.
You hit the ballistomycete. You hit the ballistomycete.
MP restored: 25 You hit the ballistomycete.
You completely miss the ballistomycete. You puncture the ballistomycete!
The ballistomycete is poisoned.
You hit the ballistomycete.
The ballistomycete looks as sick as possible!
You hit the ballistomycete but do no damage.
The ballistomycete looks as sick as possible!
You hit the ballistomycete.
You destroy the ballistomycete!
You see here a potion of curing.
You hit the active ballistomycete.
The active ballistomycete is poisoned.
You hit the active ballistomycete but do no damage.
You hit the active ballistomycete.
The active ballistomycete looks as sick as possible!
You hit the active ballistomycete. You hit the active ballistomycete.
You hit the active ballistomycete.
You destroy the active ballistomycete!
You hit the active ballistomycete.
The active ballistomycete is poisoned.
You hit the active ballistomycete but do no damage.
You hit the active ballistomycete.
You hit the active ballistomycete but do no damage.
The active ballistomycete looks even sicker.
You hit the active ballistomycete. You hit the active ballistomycete.
The active ballistomycete looks as sick as possible!
You hit the active ballistomycete.
You destroy the active ballistomycete!
The fungal colony is destroyed.
No target in view!
No target in view!
You now have 438 gold pieces (gained 27).
You now have 465 gold pieces (gained 27).
You now have 492 gold pieces (gained 27).
d - 3 potions of curing (gained 1)
o - a metallic coppery potion You now have 519 gold pieces (gained 27).
d - 4 potions of curing (gained 1)
You now have 538 gold pieces (gained 19).
You now have 565 gold pieces (gained 27).
You now have 592 gold pieces (gained 27).
You now have 619 gold pieces (gained 27).
There is an open door here.
You see here a +0 scythe.
There is an open door, spattered with blood here.
You open the door.
There is an open door here.
All of the chunks of flesh in your inventory have rotted away.
j - a beef jerky
i - 2 scrolls of blinking {!r} (gained 1)
You open the door. 2 centaur warriors come into view.
There is an open door here.
The fireball explodes!
The fireball engulfs the centaur warrior.
The centaur warrior shouts!
You hear a shout!
The centaur warrior wields a longbow.
The centaur warrior shoots an arrow.
The arrow hits you!!
You take 24 damage, and have 29/53 hp.
MASSIVE DAMAGE!!
You now have 20/25 mp.
Aim: a centaur warrior (moderately wounded)
The sticky flame hits the centaur warrior.
The centaur warrior is covered in liquid flames!
The centaur warrior burns!
The centaur warrior misses you.
You now have 16/25 mp.
The centaur warrior burns!
The centaur warrior shoots an arrow.
The arrow hits you!
* * * LOW HITPOINT WARNING * * *
The centaur warrior wields a longbow.
The centaur warrior shoots an arrow.
The arrow completely misses you.
The centaur warrior shoots an arrow.
The arrow hits you!
You die...

#..)..#..'..#__#
'..#..'[.#..'..+
#####'#####'#__####
####..#...#.####$$#
#__####..##.#≈§§.c#
#_____##'#..+§§≈§c
#_.∩...'..._#§§§§§
#_..__##_[#'##c###
#_____###'#.#[c.@###
#########.####'###.##
+...'.....')∩#
#.).##########
###.### #.#'#.#
#.....# #..(..#
#######


You could see 2 centaur warriors.

Vanquished Creatures
  Sonja (D)
  A deep troll (D)
  A slime creature (D)
  Sigmund (D)
  A yak (D)
  An ogre (D)
  A jelly (D)
  Ijyb (D)
  3 ballistomycetes (D)
  A ballistomycete spore (D)
12 creatures vanquished.

Vanquished Creatures (others)
  A ballistomycete spore (D)
1 creature vanquished.

Grand Total: 13 creatures vanquished

Notes
Turn   | Place    | Note
-------+----------+-------------------------------------------
     0 | D        | esc the Deep Elf Fire Elementalist began the quest for the Orb.
     0 | D        | Reached XP level 1. HP: 10/10 MP: 6/6
     1 | D        | Noticed Ijyb
    10 | D        | Killed Ijyb
    10 | D        | Reached skill level 1 in Fighting
    10 | D        | Reached skill level 3 in Dodging
    10 | D        | Reached skill level 4 in Spellcasting
    10 | D        | Reached skill level 2 in Conjurations
    10 | D        | Reached skill level 4 in Fire Magic
    10 | D        | Reached XP level 2. HP: 12/17 MP: 0/9
   175 | D        | Noticed an ogre
   179 | D        | Killed an ogre
   179 | D        | Reached skill level 3 in Fighting
   179 | D        | Reached skill level 5 in Dodging
   179 | D        | Reached skill level 6 in Spellcasting
   179 | D        | Reached skill level 4 in Conjurations
   179 | D        | Reached skill level 5 in Fire Magic
   179 | D        | Reached XP level 3. HP: 16/23 MP: 5/12
   179 | D        | Reached XP level 4. HP: 20/28 MP: 5/14
   196 | D        | Learned a level 4 spell: Sticky Flame
   267 | D        | Noticed Sigmund
   274 | D        | Killed Sigmund
   274 | D        | Reached skill level 4 in Fighting
   274 | D        | Reached skill level 7 in Dodging
   274 | D        | Reached skill level 7 in Spellcasting
   274 | D        | Reached skill level 5 in Conjurations
   274 | D        | Reached skill level 6 in Fire Magic
   274 | D        | Reached XP level 5. HP: 17/34 MP: 6/17
   422 | D        | Found a deep blue altar of Sif Muna.
   424 | D        | Found a radiant altar of Vehumet.
   426 | D        | Reached skill level 8 in Spellcasting
   426 | D        | Reached skill level 6 in Conjurations
   426 | D        | Reached skill level 7 in Fire Magic
   426 | D        | Reached XP level 6. HP: 39/39 MP: 16/19
   441 | D        | Became a worshipper of Vehumet
   457 | D        | Found Cyiru's Distillery.
   457 | D        | Found an ancient bone altar of Kikubaaqudgha.
   457 | D        | Found a hazy altar of Hepliaklqana.
   457 | D        | Found a stormy altar of Qazlal.
   457 | D        | Found a hide-covered altar of Uskayaw.
   457 | D        | Found a blossoming altar of Fedhas.
   457 | D        | Found a bloodstained altar of Trog.
   457 | D        | Found an iron altar of Okawaru.
   457 | D        | Found a basalt altar of Yredelemnul.
   457 | D        | Found a glowing golden altar of the Shining One.
   457 | D        | Found a snail-covered altar of Cheibriados.
   457 | D        | Found a sacrificial altar of Ru.
   457 | D        | Found a glowing silver altar of Zin.
   457 | D        | Found a shadowy altar of Dithmenos.
   457 | D        | Found a white marble altar of Elyvilon.
   457 | D        | Noticed a yak
   465 | D        | Killed a yak
   465 | D        | Reached skill level 5 in Fighting
   465 | D        | Reached skill level 8 in Dodging
   465 | D        | Reached skill level 9 in Spellcasting
   465 | D        | Reached skill level 7 in Conjurations
   470 | D        | Found an opulent altar of Gozag.
   471 | D        | Found a sparkling altar of Nemelex Xobeh.
   525 | D        | Found a burning altar of Makhleb.
   525 | D        | Found a viscous altar of Jiyva.
   525 | D        | Found a shimmering altar of Xom.
   525 | D        | Found a corrupted altar of Lugonu.
   525 | D        | Noticed a slime creature
   544 | D        | Killed a slime creature
   544 | D        | Reached skill level 8 in Fire Magic
   544 | D        | Reached XP level 7. HP: 25/45 MP: 18/22
   679 | D        | Learned a level 5 spell: Fireball
   679 | D        | Noticed Sonja
   685 | D        | Killed Sonja
   685 | D        | Reached * piety under Vehumet
   685 | D        | Offered knowledge of Sting by Vehumet.
   685 | D        | Reached skill level 6 in Fighting
   685 | D        | Reached skill level 10 in Dodging
   685 | D        | Reached skill level 10 in Spellcasting
   685 | D        | Reached skill level 8 in Conjurations
   685 | D        | Reached skill level 9 in Fire Magic
   685 | D        | Reached XP level 8. HP: 36/52 MP: 10/24
   929 | D        | Noticed a deep troll
   940 | D        | Killed a deep troll
   940 | D        | Reached skill level 7 in Fighting
   940 | D        | Reached skill level 11 in Spellcasting
   940 | D        | Reached skill level 9 in Conjurations
   940 | D        | Reached skill level 10 in Fire Magic
  1007 | D        | Found Godwic's Armour Emporium.
  1012 | D        | Bought a +1 helmet for 115 gold pieces
  1168 | D        | Noticed a centaur warrior
  1168 | D        | Noticed a centaur warrior
  1173 | D        | Shot with an arrow by a centaur warrior

Vault maps used:
D:        dungeon_sprint_1

Skill      XL: |  1  2  3  4  5  6  7  8 |
---------------+-------------------------+-----
Fighting       | 1 3 4 5 6 7 |  7.3
Dodging        | 3 5 7 8 10 | 10.7
Spellcasting   | 4 6 7 8 9 10 11 | 11.7
Conjurations   | 2 4 5 6 7 8 9 |  9.6
Fire Magic     | 4 5 6 7 8 9 10 | 10.2
Stealth        | |  2.4

Action                   |  1- 3 |  4- 6 |  7- 9 || total
-------------------------+-------+-------+-------++-------
Melee: Unarmed           |     2 |       |       ||     2
       Short sword       |       |       |    21 ||    21
 Cast: Flame Tongue      |     9 |    12 |     3 ||    24
       Sticky Flame      |       |     4 |     6 ||    10
       Fireball          |       |       |     1 ||     1
  Use: Potion            |     1 |       |       ||     1
  Eat: Chunk             |       |       |     1 ||     1
Armor: Robe              |       |     1 |       ||     1
Dodge: Dodged            |     3 |     4 |     9 ||    16

Vault maps used:
D:        dungeon_sprint_1

Table legend:
 A = Turns spent in this place as a percentage of turns spent in the entire game.
 B = Non-inter-level travel turns spent in this place as a percentage of non-inter-level travel turns spent in the entire game.
 C = Inter-level travel turns spent in this place as a percentage of turns spent in this place.
 D = Turns resting spent in this place as a percentage of non-inter-level travel turns spent in this place.
 E = Turns spent auto-exploring this place as a percentage of non-inter-level travel turns spent in this place.
 F = Non-inter-level travel turns spent in this place divided by the number of levels of this place that you've seen.
                   A       B       C       D       E      F
               +-------+-------+-------+-------+-------+----------------------
         Total | 100.0 | 100.0 |   0.0 |   7.1 |   0.0 | 311.0
       Dungeon | 100.0 | 100.0 |   0.0 |   7.1 |   0.0 | 311.0
               +-------+-------+-------+-------+-------+----------------------

Table legend:
 A = Kills in this place as a percentage of kills in entire the game.
 B = Kills by you in this place as a percentage of kills by you in the entire game.
 C = Kills by friends in this place as a percentage of kills by friends in the entire game.
 D = Other kills in this place as a percentage of other kills in the entire game.
 E = Experience gained in this place as a percentage of experience gained in the entire game.
 F = Experience gained in this place divided by the number of levels of this place that you have seen.
                   A       B       C       D       E      F
               +-------+-------+-------+-------+-------+----------------------
         Total | 100.0 | 100.0 |  -nan |  -nan | 100.0 | 2430.0
       Dungeon | 100.0 | 100.0 |  -nan |  -nan | 100.0 | 2430.0
               +-------+-------+-------+-------+-------+----------------------
